 Dungeon Crawl Stone Soup version 0.31-a0-810-ga77100ea1a (webtiles) character file.

Game seed: 15064432596388089996

44 BallerZ the Conjurer (level 3, -7/24 HPs)
             Began as a Human Conjurer on Sept 21, 2023.
             Was a Follower of Dithmenos.
             Killed from afar by Natasha (10 damage)
             ... with a puff of flame
             ... on level 2 of the Dungeon.
             The game lasted 00:11:43 (1087 turns).

BallerZ the Conjurer (Human Conjurer)               Turns: 1087, Time: 00:11:44

Health: -7/24      AC:  3    Str:  7    XL:     3   Next: 85%
Magic:  2/6        EV: 11    Int: 20    God:    Dithmenos [*.....]
Gold:   16         SH:  0    Dex: 11    Spells: 5/6 levels left

rFire   . . .        h - +0 trident
rCold   . . .        (no shield)
rNeg    . . .        o - +0 leather armour
rPois   .            (no helmet)
rElec   .            (no cloak)
rCorr   .            (no gloves)
SInv    .            (no boots)
Will    +....        (no amulet)
Stlth   ++           l - ring of willpower
HPRegen 0.24/turn    (no ring)
MPRegen 0.10/turn

%: no passive effects
@: about to teleport, wreathed by umbra
A: no striking features
a: Renounce Religion


You were on level 2 of the Dungeon.
You worshipped Dithmenos.
Dithmenos was aware of your devotion.
You visited 1 branch of the dungeon, and saw 2 of its levels.

You collected 16 gold pieces.

Inventory:

Hand Weapons
 c - a +0 club
 d - a +0 mace
 e - a +0 short sword
 h - a +0 trident (weapon)
Missiles
 m - a throwing net
Armour
 a - a +0 robe
 o - a +0 leather armour (worn)
Magical Staves
 n - a staff of earth
Jewellery
 l - a ring of willpower (left hand)
Talismans
 k - a blade talisman
Scrolls
 g - a scroll of teleportation
 i - a scroll of identify {unknown}
Potions
 b - a potion of magic
 f - a potion of invisibility {unknown}
 j - a potion of curing {unknown}
 p - a potion of enlightenment {unknown}


   Skills:
 + Level 1.3 Polearms
 + Level 2.1 Dodging
 + Level 2.1 Stealth
 + Level 2.0 Spellcasting
 + Level 4.8 Conjurations


You had 5 spell levels left.
You knew the following spells:

 Your Spells              Type           Power      Damage    Failure   Level
a - Magic Dart            Conj           84%        1d7       3%          1

Your spell library contained the following spells:

 Spells                   Type           Power      Damage    Failure   Level
 Searing Ray              Conj           42%        2d6       4%          2
 Dazzling Flash           Conj/Hex       22%        N/A       26%         3
 Fulminant Prism          Conj/Hex       5%         3d7       65%         4
 Iskenderun's Mystic Bla  Conj/Tloc      11%        2d4       65%         4


Dungeon Overview and Level Annotations

Branches:
Dungeon (2/15)

Altars:
Dithmenos

Annotations:
D:2 Natasha


Message History

You barely miss Natasha.
Natasha is almost dead.
Natasha barely misses you. x2
You hit Natasha but do no damage.
Natasha is almost dead.
Natasha claws you!
* * * LOW HITPOINT WARNING * * *
Aiming: Magic Dart (safe; 4% risk of failure)
Press: ? - help, Q - select action, (/) - cycle Shift-Dir - straight line, f/p - Natasha
Aim: Natasha (almost dead, umbra, 100% to hit)
The magic dart hits Natasha.
You kill Natasha!
Dithmenos accepts your kill.
Natasha growls in agony!
Your Polearms skill increases to level 1!
You have reached level 3!
Your experience leads to an increase in your attributes!
Increase (S)trength, (I)ntelligence, or (D)exterity?
You feel clever. x2
You start resting.
Natasha, Servant of Life and Death comes into view.
She is carrying a wand of flame.
Aiming: Magic Dart (safe; 3% risk of failure)
Press: ? - help, Q - select action, (/) - cycle Shift-Dir - straight line, f - Natasha
Aim: Natasha, carrying a wand of flame (wandering, hasn't noticed you, 100% to hit)
The magic dart hits Natasha.
Natasha is moderately wounded.
Natasha hisses angrily.
Natasha casts a spell at you. The magic dart hits you.
* * * LOW HITPOINT WARNING * * *
As you read the scroll labelled GATYMI KOFUPLA, it crumbles to dust.
You feel strangely unstable.
It was a scroll of teleportation.
Aiming: Magic Dart (safe; 3% risk of failure)
Press: ? - help, Q - select action, (/) - cycle Shift-Dir - straight line, f/p - Natasha
Aim: Natasha, carrying a wand of flame (moderately wounded, 100% to hit)
The magic dart hits Natasha.
Natasha is heavily wounded.
Natasha zaps a wand.
The puff of flame hits you!
You die...
Natasha begins licking her fur clean.

#†# #.# #.#
#.# #.# #>#
. #.#
....######.#
.......h.@.#
....########
#


You could see Natasha.

Vanquished Creatures
  Natasha (D:2)
  2 dart slugs (D:1)
  A bat (D:1)
  An endoplasm (D:2)
  A giant cockroach (D:1)
  2 goblins (D:1)
  2 ball pythons
  2 frilled lizards (D:1)
  2 kobolds (D:1)
  3 rats (D:1)
17 creatures vanquished.

Notes
Turn   | Place    | Note
-------+----------+-------------------------------------------
     0 | D:1      | BallerZ the Human Conjurer began the quest for the Orb.
     0 | D:1      | Reached XP level 1. HP: 13/13 MP: 3/3
   106 | D:1      | Found a faded altar of an unknown god.
   141 | D:1      | Prayed at the altar of an unknown god.
   141 | D:1      | Became a worshipper of Dithmenos the Shadowed
   141 | D:1      | Reached * piety under Dithmenos
   258 | D:1      | Reached XP level 2. HP: 19/19 MP: 3/5
  1045 | D:2      | Noticed Natasha
  1058 | D:2      | Killed Natasha
  1059 | D:2      | Reached skill level 1 in Polearms
  1059 | D:2      | Reached XP level 3. HP: 1/24 MP: 1/6
  1082 | D:2      | Noticed Natasha
  1087 | D:2      | Killed from afar by Natasha

Illustrated notes

Levels and vault maps discovered:
D:1:      wander_arrival_peaceful_grave, layout_basic,
          shapermc_ecumenical_altar_mp_ritualfount, serial_forest,
          infiniplex_forest_corner_2, infiniplex_forest_zigzag_1,
          infiniplex_forest_lined_room_2, infiniplex_forest_zigzag_1,
          infiniplex_forest_lined_1, infiniplex_forest_end_3
D:2:      layout_basic, uniq_crazy_yiuf_cottage, uniq_natasha

Skill      XL: |  1  2 |
---------------+-------+-----
Polearms       | 1 |  1.3
Dodging        | |  2.1
Stealth        | |  2.1
Spellcasting   | |  2.0
Conjurations   | |  4.8

Action                     || total
---------------------------++-------
  Melee: Mace              ||    18
         Unarmed           ||     6
         Trident           ||    20
         Punch             ||     2
   Cast: Magic Dart        ||    36
    Use: Scroll            ||     2
 Armour: Robe              ||    10
         Leather armour    ||     6
  Dodge: Dodged            ||    20
         Form:             ||     1
         Blade             ||     1

Table legend: (Time is in decaauts)
 A = Elapsed time spent in this place.
 B = Non-inter-level travel time spent in this place.
 C = Inter-level travel time spent in this place.
 D = Time resting spent in this place.
 E = Time spent auto-exploring this place.
 F = Levels seen in this place.
 G = Mean time per level.
                   A        B        C        D        E       F      G
               +--------+--------+--------+--------+--------+-----+--------+
         Total |   1097 |   1097 |      0 |    199 |      0 |   2 |  548.5 |
       Dungeon |   1097 |   1097 |      0 |    199 |      0 |   2 |  548.5 |
               +--------+--------+--------+--------+--------+-----+--------+

Top non-repeatable levels by time:
     D:1: 918 daAuts
     D:2: 178 daAuts
